 Dungeon Crawl Stone Soup version 0.18-a0-46-g45ca8e4 (webtiles) character file.

502 4thArraOfDagon the Skirmisher (level 6, -2/53 HPs)
             Began as a Minotaur Enchanter on Nov 6, 2015.
             Was an Initiate of Cheibriados.
             Killed by nerve-wracking pain
             ... invoked by an orc priest
              (12 damage)
             ... on level 5 of the Dungeon.
             The game lasted 00:07:58 (1352 turns).

4thArraOfDagon the Skirmisher (Minotaur Enchanter)  Turns: 1352, Time: 00:07:58

Health: -2/53      AC: 14    Str: 13    XL:     6   Next: 95%
Magic:  7/7        EV:  7    Int: 15    God:    Cheibriados [......]
Gold:   30         SH:  0    Dex: 12    Spells: 2 memorised, 5 levels left

rFire  . . .     SeeInvis .     g - +2 flail (protect)
rCold  . . .     Clarity  .     h - +1 chain mail
rNeg   . . .     SustAt   .     (no shield)
rPois  .         Gourm    .     (helmet restricted)
rElec  .         Spirit   .     (no cloak)
rCorr  .         Warding  .     (no gloves)
rMut   .         Stasis   .     (no boots)
MR     .....                    (no amulet)
Stlth  ..........               (no ring)
                                (no ring)

@: very slow, not resistant to hostile enchantments, extremely unstealthy
A: retaliatory headbutt, horns 2
a: Bend Time, Renounce Religion


You were on level 5 of the Dungeon.
You worshipped Cheibriados.
Cheibriados was noncommittal.
You were not hungry.

You visited 2 branches of the dungeon, and saw 6 of its levels.

You collected 119 gold pieces.
You spent 89 gold pieces at shops.

Inventory:

Hand Weapons
 b - a cursed +0 trident
 g - a +2 flail of protection (weapon)
 n - a +0 whip of flaming
Missiles
 a - 8 tomahawks
 k - a throwing net (quivered)
Armour
 h - a +1 chain mail (worn)
 s - a +0 robe of magic resistance
Scrolls
 i - a scroll of teleportation {unknown}
 m - a scroll of identify
 q - 2 scrolls of remove curse {unknown}
 r - a scroll of acquirement {unknown}
Potions
 e - 2 potions of curing
 f - a potion of might {unknown}
 j - a potion of lignification {unknown}
 l - a potion of berserk rage {unknown}
 o - a potion of haste
Comestibles
 c - a chunk of flesh
 d - a bread ration
 p - a meat ration


   Skills:
 + Level 4.7 Fighting
   Level 1.1 Short Blades
 * Level 4.7 Maces & Flails
 - Level 2.3 Armour
 + Level 4.1 Dodging
 - Level 2.4 Stealth
 - Level 1.3 Spellcasting
   Level 2.0 Hexes
 + Level 1.6 Invocations


You had 5 spell levels left.
You knew the following spells:

 Your Spells              Type           Power        Failure   Level  Hunger
b - Apportation           Tloc           #.........   100%        1    ##.....
c - Animate Skeleton      Necr           N/A          100%        1    ##.....


Dungeon Overview and Level Annotations

Branches:
Dungeon (5/15)             Temple (1/1) D:4

Altars:
Cheibriados
Dithmenos
Elyvilon
Fedhas
Gozag
Ru
Vehumet
Yredelemnul

Shops:
D:4 %   D:5 *

Annotations:
D:2 Natasha
D:4 Grinder


Innate Abilities, Weirdness & Mutations

You reflexively headbutt those who attack you in melee.
You have a pair of horns on your head.


Message History

s - a runed robe You are feeling hungry.
Eat one of 2 chunks of flesh? (ye/n/q/i?) This raw flesh tastes terrible.
You continue eating. x2
Found 6 stones.
Found an escape hatch in the ceiling.
An orc priest comes into view.
The orc priest shouts!
Found 8 gold pieces and a scroll of identify.
Unknown command.
Unknown command.
Unknown command.
You aren't carrying any items that can be evoked.
The orc priest calls down the wrath of Beogh upon you.
Something smites you!
* * * LOW HITPOINT WARNING * * *
The orc priest calls down the wrath of Beogh upon you.
Pain shoots through your body!
You die...

.....? ....... ....... .#
....<.... ...# .........
.....###...$....
.......o#...(..#####
.........# #......#
............#.@####......#
..........#...##...##......#
........#.#................#
........#..........##......#
........###........##......#
##..#..# #................#
..#.#..## ##...............#
....#...##
#...............###
.........#
#.................#


You could see an orc priest.

Vanquished Creatures
  Menkaure (D:4)
  An ice beast (D:5)
  A centaur (D:5)
  A crimson imp (D:5)
  An orc wizard (D:5)
  A worker ant (D:5)
  3 adders
  3 gnolls (D:3)
  A shadow imp (D:5)
  An ooze (D:4)
  A worm (D:3)
  8 orcs
  2 giant cockroaches (D:3)
  3 hobgoblins
  11 jackals
  2 quokkas (D:3)
  6 bats
  A giant newt (D:3)
  2 goblins
  A kobold (D:3)
  6 rats
57 creatures vanquished.

Notes
Turn   | Place    | Note
--------------------------------------------------------------
     0 | D:1      | 4thArraOfDagon the Minotaur Enchanter began the quest for the Orb.
     0 | D:1      | Reached XP level 1. HP: 14/14 MP: 1/1
    42 | D:1      | Reached skill level 1 in Fighting
    90 | D:1      | Reached XP level 2. HP: 8/24 MP: 3/3
   188 | D:2      | Noticed Natasha
   385 | D:3      | Noticed a phantom
   530 | D:3      | Reached skill level 1 in Maces & Flails
   530 | D:3      | Reached XP level 3. HP: 14/30 MP: 4/4
   768 | D:4      | Noticed Menkaure
   776 | D:4      | Killed Menkaure
   776 | D:4      | Reached skill level 3 in Fighting
   776 | D:4      | Reached XP level 4. HP: 14/38 MP: 5/5
   776 | D:4      | Reached XP level 5. HP: 16/45 MP: 6/6
   791 | D:4      | Found Odwyg's Food Boutique.
   857 | D:4      | Noticed Grinder
   997 | D:4      | Found a staircase to the Ecumenical Temple.
  1010 | Temple   | Entered the Ecumenical Temple
  1049 | Temple   | Became a worshipper of Cheibriados the Contemplative
  1166 | D:5      | Entered Level 5 of the Dungeon
  1166 | D:5      | Found Gevezosu's Assorted Antiques.
  1168 | D:5      | Bought a pink potion for 27 gold pieces
  1168 | D:5      | Bought a scroll labeled TUIWKYE JEGHA for 31 gold pieces
  1168 | D:5      | Bought a scroll labeled BUAHUQ NOUCZUR for 31 gold pieces
  1181 | D:5      | Reached skill level 4 in Fighting
  1186 | D:5      | Reached XP level 6. HP: 39/52 MP: 7/7
  1205 | D:5      | Learned a level 1 spell: Apportation
  1207 | D:5      | Learned a level 1 spell: Animate Skeleton
  1222 | D:5      | Reached skill level 1 in Invocations
  1352 | D:5      | Killed from afar by an orc priest

Vault maps used:
D:1:      ldierk_walled_garden
D:2:      lemuel_crystal_altar, serial_glass, glass_columns_a, glass_columns_a,
          glass_columns_a, glass_columns_a, glass_columns_b, glass_columns_b,
          glass_columns_a, glass_columns_c, glass_columns_b, glass_columns_b,
          uniq_natasha
D:3:      corexii_item_surrounded_by_moat, minmay_divided_ellipse
D:4:      kennysheep_mini, okawaru_metal_pillars_1_2, minmay_temple_entry_glass,
          serial_shops, shop, first_bread, uniq_grinder, uniq_menkaure
D:5:      serial_shops, shop, uniq_edmund
Temple:   chambers_temple_14

Action                   |  1- 3 |  4- 6 || total
-------------------------+-------+-------++-------
Melee: Dagger            |    41 |       ||    41
       Flail             |    57 |    76 ||   133
       Spear             |    15 |       ||    15
Throw: Tomahawk          |     2 |       ||     2
       Throwing net      |     1 |     2 ||     3
 Cast: Corona            |     2 |       ||     2
  Use: Scroll            |     2 |     2 ||     4
       Potion            |     1 |     1 ||     2
 Stab: Held in net/web   |       |     1 ||     1
  Eat: Chunk             |       |     3 ||     3
